 Dungeon Crawl Stone Soup version 0.28.0-53-g5a82cb258f (webtiles) character file.

Game seed: 1679038244197987537

151 quixfox the Chopper (level 5, 0/47 HPs)
             Began as a Hill Orc Fighter on July 9, 2022.
             Succumbed to Robin's poison
             ... on level 2 of the Dungeon.
             The game lasted 00:03:32 (2075 turns).

quixfox the Chopper (Hill Orc Fighter)              Turns: 2075, Time: 00:03:33

Health: 0/47       AC: 16    Str: 21    XL:     5   Next: 33%
Magic:  5/5        EV:  9    Int:  8    God:
Gold:   145        SH:  4    Dex: 10    Spells: 4/4 levels left

rFire   . . .      SeeInvis .   a - +1 war axe
rCold   . . .      Faith    .   c - +0 buckler
rNeg    . . .      Spirit   .   b - +0 scale mail
rPois   .          Reflect  .   f - +0 helmet
rElec   .          Harm     .   (no cloak)
rCorr   .          Rampage  .   (no gloves)
Will    .....                   (no boots)
Stlth   ..........              (no amulet)
HPRegen 0.15/turn               m - +4 ring of protection
MPRegen 0.09/turn               n - +4 ring of protection

@: lethally poisoned (0 -> -25)
A: no striking features
a: no special abilities


You were on level 2 of the Dungeon.
You visited 1 branch of the dungeon, and saw 3 of its levels.

You collected 145 gold pieces.

Inventory:

Hand Weapons
 a - a +1 war axe (weapon)
Armour
 b - a +0 scale mail (worn)
 c - a +0 buckler (worn)
 f - a +0 helmet (worn)
Jewellery
 m - a +4 ring of protection (left hand)
 n - a +4 ring of protection (right hand)
Scrolls
 e - a scroll of enchant weapon
 h - a scroll of silence {unknown}
 k - a scroll of fog {unknown}
 l - a scroll of teleportation {unknown}
Potions
 g - a potion of curing {unknown}
 i - a potion of brilliance {unknown}
 j - a potion of berserk rage {unknown}


   Skills:
 + Level 4.6 Fighting
 * Level 5.3 Axes
 + Level 4.3 Armour
 - Level 3.2 Shields


You had 4 spell levels left.
You didn't know any spells.
Your spell library was empty.

Dungeon Overview and Level Annotations

Branches:
Dungeon (3/15)

Altars:
Nemelex Xobeh

Annotations:
D:2 Robin
D:3 3 runed translucent doors


Message History

Your +0 war axe glows red for a moment.
You climb downwards.
Level annotation: Robin You block the hobgoblin's attack.
The kobold hits you but does no damage. You block the hobgoblin's attack.
There is a stone staircase leading up here.
You slash the hobgoblin!
You kill the hobgoblin!
You slash the kobold!
You kill the kobold!
Robin roars a battlecry!
The hobgoblin goes into a battle-frenzy!
Robin hits you with a +6 spear of venom.
You are poisoned.
You hit Robin but do no damage.
You feel very sick. Robin hits you but does no damage.
You are more poisoned.
You block Robin's attack.
You barely miss Robin.
You feel very sick. Robin hits you but does no damage.
You are more poisoned.
You hit Robin but do no damage.
You feel very sick. Robin closely misses you.
You barely miss Robin.
You feel very sick. Robin closely misses you.
Robin hits you with a +6 spear of venom!
* * * LOW HITPOINT WARNING * * *
You are lethally poisoned!
You hit Robin.
Robin is moderately wounded.
* * * LOW HITPOINT WARNING * * *
You feel extremely sick. You block Robin's attack.
You hit Robin but do no damage.
Robin is moderately wounded.
You die...

.......g#
##########.#.....
........####
...........#.....
......#g...#
........####.....
......#.##.#
........# ##....
.........#.#
........# #....
.......# #.#
........# #....
######.###.###
#######.# #....
#.))))..#######)...#
#####
##....#..gg@..<..###
#....########...#
#.##.#..........#
#.##.#.###.##...#
####...# #......#
##### ####...# #####


You could see Robin and a hobgoblin (strong).

Vanquished Creatures
  Terence (D:2)
  Jessica (D:2)
  3 adders (D:2)
  2 worms
  2 dart slugs
  4 ball pythons
  3 endoplasms
  2 giant cockroaches (D:1)
  8 goblins
  7 hobgoblins (D:2)
  4 jackals (D:1)
  5 quokkas
  6 bats
  3 frilled lizards (D:1)
  5 kobolds
  3 rats
59 creatures vanquished.

Vanquished Creatures (others)
  A plant (D:3)
1 creature vanquished.

Grand Total: 60 creatures vanquished

Notes
Turn   | Place    | Note
-------+----------+-------------------------------------------
     0 | D:1      | quixfox the Hill Orc Fighter began the quest for the Orb.
     0 | D:1      | Reached XP level 1. HP: 19/19 MP: 1/1
   158 | D:1      | Reached skill level 3 in Axes
   266 | D:1      | Reached XP level 2. HP: 26/27 MP: 2/2
   716 | D:1      | Reached XP level 3. HP: 33/33 MP: 3/3
  1025 | D:2      | Found Dargh's Assorted Antiques.
  1034 | D:2      | Reached skill level 4 in Axes
  1229 | D:2      | Noticed Jessica
  1263 | D:2      | Killed Jessica
  1264 | D:2      | Reached XP level 4. HP: 33/41 MP: 4/4
  1470 | D:2      | You fall into a shaft and drop 1 floor!
  1470 | D:3      | Found a sparkling altar of Nemelex Xobeh.
  1508 | D:3      | Found a runed translucent gate.
  1508 | D:3      | Found a runed translucent gate.
  1508 | D:3      | Found a runed translucent gate.
  1553 | D:2      | Noticed Terence
  1563 | D:2      | Killed Terence
  1564 | D:2      | Reached skill level 5 in Axes
  1564 | D:2      | Reached XP level 5. HP: 41/47 MP: 5/5
  1764 | D:2      | Noticed Robin
  2075 | D:2      | Succumbed to Robin's poison

Illustrated notes

Levels and vault maps discovered:
D:1:      scummos_arrival_hexagon, layout_basic
D:2:      layout_basic, serial_shops, shop,
          hellmonk_ecumenical_altar_leap_of_faith, uniq_terence, uniq_jessica,
          uniq_robin
D:3:      layout_basic, mainiacjoe_overflow_small_starburst,
          gammafunk_ghost_nasty_kobolds, chequers_big_river,
          guppyfry_early_lair_pool

Skill      XL: |  1  2  3  4 |
---------------+-------------+-----
Axes           | 3 4 5 |  5.3
Fighting       | 4 |  4.6
Armour         | 4 |  4.3
Shields        | |  3.2

Action                   |  1- 3 |  4- 6 || total
-------------------------+-------+-------++-------
Melee: War axe           |   110 |    67 ||   177
  Use: Scroll            |       |     1 ||     1
       Potion            |       |     1 ||     1
Armor: Scale mail        |    62 |    49 ||   111
Dodge: Dodged            |    55 |    36 ||    91
Block: Buckler           |    33 |    17 ||    50
